 Dungeon Crawl Stone Soup version 0.30-a0-857-gcaf70739d4 (webtiles) character file.

Game seed: 15972670358275073410

1584 bande the Chopper (level 8, -1/49 HPs)
             Began as a Gargoyle Fighter on Mar 6, 2023.
             Was a Believer of Okawaru.
             Slain by Psyche
             ... wielding a +3 dagger of chaos
              (10 damage)
             ... on level 8 of the Dungeon.
             The game lasted 00:07:59 (5425 turns).

bande the Chopper (Gargoyle Fighter)                Turns: 5425, Time: 00:08:00

Health: -1/49      AC:  0    Str: 20    XL:     8   Next: 92%
Magic:  0/10       EV: 17    Int:  9    God:    Okawaru [**....]
Gold:   393        SH:  0    Dex: 16    Spells: 7/7 levels left

rFire   . . .      SeeInvis .    a - melded +1 war axe
rCold   . . .      Faith    .    c - melded +0 buckler
rNeg    + . .      Spirit   +    b - melded +0 scale mail
rPois   ∞          Reflect  .    (helmet currently unavailable)
rElec   .          Rampage  .    F - melded +0 cloak
rCorr   .                        o - melded +0 pair of gloves
Will    .....                    (boots currently unavailable)
Stlth   +                        g - amulet of guardian spirit
HPRegen 0.28/turn                (ring currently unavailable)
MPRegen 0.12/turn                (ring currently unavailable)

@: bat-form, flying, very quick
A: fast, flying, no casting, sickness immunity, AC +5, tiny, negative energy
resistance 1, (electricity resistance), torment resistance 1, petrification
resistance
a: Renounce Religion, Heroism


You were on level 8 of the Dungeon.
You worshipped Okawaru.
Okawaru was pleased with you.
You were a bat.
You visited 2 branches of the dungeon, and saw 8 of its levels.
You also visited: Sewer.

You collected 393 gold pieces.

Inventory:

Hand Weapons
 a - a +1 war axe (melded)
 j - a +0 war axe
 s - a +1 flail of holy wrath
Armour
 b - a +0 scale mail (melded)
 c - a +0 buckler (melded)
 o - a +0 pair of gloves (melded)
 F - a +0 cloak (melded)
Jewellery
 e - an amulet of reflection
 f - a ring of ice
 g - an amulet of guardian spirit (around neck)
 r - an amulet of regeneration
 y - a ring of fire
 C - a ring of see invisible
 D - a ring of protection from cold
Wands
 w - a wand of charming (1)
Scrolls
 i - a scroll of enchant weapon
 u - a scroll of fear
 x - 2 scrolls of amnesia
 A - 2 scrolls of magic mapping
 B - a scroll of teleportation {unknown}
 E - a scroll of identify
Potions
 d - 2 potions of might
 h - 2 potions of curing
 k - a potion of mutation
 l - a potion of invisibility {unknown}
 m - 3 potions of brilliance
 n - a potion of lignification {unknown}
 p - a potion of resistance {unknown}
 q - a potion of heal wounds {unknown}
 t - 2 potions of haste
 v - a potion of ambrosia {unknown}
 z - a potion of flight {unknown}


   Skills:
 + Level 5.3 Fighting
 + Level 6.7 Axes
 + Level 5.7 Armour
 + Level 5.3 Shields
 * Level 3.0 Invocations
 * Level 2.7 Evocations


You had 7 spell levels left.
You didn't know any spells.
Your spell library contained the following spells:

 Spells                   Type           Power      Damage    Failure   Level
 Blink                    Tloc           0%         N/A       52%         2
 Dispel Undead            Necr           0%         3d6       99%         4
 Manifold Assault         Tloc           0%         N/A       99%         4
 Storm Form               Tmut/Air       0%         N/A       100%        7
 Cigotuvi's Dreadful Rot  Necr/Pois/Air  Unusable   N/A       N/A         2
 Death Channel            Necr           Unusable   N/A       N/A         6

Dungeon Overview and Level Annotations

Branches:
Dungeon (6/15)             Temple (1/1) D:5           Sewer (visited)

Altars:
Dithmenos
Elyvilon
Gozag
Hepliaklqana
Kikubaaqudgha
Makhleb
Nemelex Xobeh
Okawaru
Qazlal
Ru
Trog
Uskayaw
Vehumet
Wu Jian
Xom
Yredelemnul
Zin
The Shining One

Shops:
D:1 (   D:3 *

Annotations:
D:3 3 runed translucent doors, pigah's ghost, amateur OpWn
D:8 Psyche


Innate Abilities, Weirdness & Mutations

You are a bat.
You are tiny and dextrous.
You move quickly.
You are flying.
Your equipment is almost entirely melded.
You are incapable of wielding weapons or throwing items.
You cannot cast spells.
You are immune to sickness and miasma.
((Your stone body is resilient. (AC +5)))
You are immune to poison.
You resist negative energy. (rN+)
((You are resistant to electric shocks. (rElec)))
You are resistant to unholy torment.
You are immune to petrification.


Message History

No target in view!
No target in view!
No target in view!
No target in view!
No target in view!
No target in view!
No target in view!
You closely miss something.
You hear some strange, mumbled words.
A swirling arc of seething chaos appears!
An arc of chaos appears from out of thin air!
The arc of chaos hits you but does no damage.
You resist.
The arc of chaos grounds out.
You hear some strange, mumbled words.
You barely miss something.
Something hits you but does no damage. x2
You closely miss something. Something hits you. Something freezes you.
You hit something. Something hits you. Something burns you.
Something hits you but does no damage.
You hit something but do no damage. Something hits you but does no damage.
You miss something.
Something hits you but does no damage. x2
You slash something! Something hits you. Space warps horribly around you!
You hear some strange, mumbled words.
You turn into a bat.
Your +1 war axe melds into your body.
Your +0 cloak melds into your body.
Your +0 pair of gloves melds into your body.
Your +0 buckler melds into your body.
Your +0 scale mail melds into your body.
You hit something. Something hits you! Something freezes you.
You hit something but do no damage.
You hear some strange, mumbled words.
You hit something. Something barely misses you.
You hit something but do no damage. Something barely misses you.
You miss something. Something hits you. Something freezes you.
You completely miss something. Something hits you!
* * * LOW HITPOINT WARNING * * *
You hit something. Something hits you.
* * * LOW HITPOINT WARNING * * *
You feel your power leaking away.
You hit something but do no damage. Something hits you!
You die...

### ##### #..
....###
#####.##.......
#......b{# #
#.##..)..#
#.#.##..#.##
........#.###.#
#.#.###.......#
#.......#####
#########


There were no monsters in sight!

Vanquished Creatures
  Pargi (Sewer)
  A sky beast (D:5)
  A black bear (D:5)
  3 ogres
  2 centaurs
  A phantom (D:5)
  2 bullfrogs
  2 scorpions
  A hound (D:6)
  2 orc priests
  A jelly (D:5)
  A sleepcap (D:5)
  A gnoll bouda (D:6)
  5 iguanas
  An orc wizard (D:5)
  Terence (D:2)
  4 gnolls (D:6)
  8 adders
  A shadow imp (D:6)
  3 dart slugs
  9 orcs
  4 ball pythons
  6 endoplasms
  3 giant cockroaches
  6 goblins
  6 hobgoblins
  10 jackals
  7 kobolds
  5 quokkas
  5 bats
  A frilled lizard (D:2)
  A rat (D:2)
105 creatures vanquished.

Notes
Turn   | Place    | Note
-------+----------+-------------------------------------------
     0 | D:1      | bande the Gargoyle Fighter began the quest for the Orb.
     0 | D:1      | Reached XP level 1. HP: 14/14 MP: 1/1
   123 | D:1      | Reached XP level 2. HP: 14/19 MP: 2/2
   192 | D:1      | Found Voxtehyu's Antique Weapon Shop.
   476 | D:2      | Reached skill level 2 in Axes
   476 | D:2      | Reached XP level 3. HP: 24/24 MP: 3/3
   628 | D:2      | Noticed Terence
   641 | D:2      | Killed Terence
   642 | D:2      | Reached XP level 4. HP: 10/29 MP: 0/4
  1498 | D:3      | Found Zin's Purification Station.
  1498 | D:3      | Found a glowing silver altar of Zin.
  1507 | D:3      | Reached skill level 3 in Axes
  1507 | D:3      | Reached XP level 5. HP: 28/33 MP: 3/5
  1577 | D:3      | Found a runed translucent gate.
  1577 | D:3      | Found a runed translucent gate.
  1577 | D:3      | Found a runed translucent gate.
  1577 | D:3      | Noticed pigah's ghost (amateur OpWn)
  2069 | D:4      | Found a glowing drain.
  2089 | Sewer    | Entered a sewer
  2196 | Sewer    | Noticed Pargi
  2219 | Sewer    | Killed Pargi
  2220 | Sewer    | Reached skill level 4 in Axes
  2220 | Sewer    | Reached XP level 6. HP: 28/39 MP: 4/6
  2495 | D:4      | Found a sacrificial altar of Ru.
  2514 | D:4      | Reached XP level 7. HP: 41/44 MP: 5/7
  3201 | D:5      | Entered Level 5 of the Dungeon
  3301 | D:5      | Reached skill level 5 in Axes
  3400 | D:5      | Found a staircase to the Ecumenical Temple.
  3413 | Temple   | Entered the Ecumenical Temple
  3420 | Temple   | Became a worshipper of Warmaster Okawaru
  3505 | D:5      | Reached skill level 1 in Evocations
  3612 | D:5      | Reached skill level 5 in Armour
  3612 | D:5      | Reached skill level 1 in Invocations
  3872 | D:5      | Reached XP level 8. HP: 46/48 MP: 7/9
  3896 | D:5      | Reached * piety under Okawaru
  4149 | D:5      | Reached skill level 5 in Fighting
  4149 | D:5      | Reached skill level 5 in Shields
  4378 | D:5      | Reached skill level 6 in Axes
  5098 | D:6      | Reached ** piety under Okawaru
  5222 | D:6      | Found a stormy altar of Qazlal.
  5402 | D:6      | You fall into a shaft and drop 2 floors!
  5408 | D:8      | Noticed Psyche
  5425 | D:8      | Slain by Psyche

Illustrated notes

Levels and vault maps discovered:
D:1:      evilmike_arrival_plus, layout_rooms, serial_shops,
          nicolae_shop_advertising_works [nicolae_subvault_shop_adworks]
D:2:      layout_rooms, kennysheep_generic_room_4, uniq_terence
D:3:      layout_loops_corners, zin_purify, ebering_ghost_rock_garden,
          chequers_hall_statues_corner_a
D:4:      layout_layer_cave, mainiacjoe_overflow_catwalk, gup_sewer_entry_glass,
          hangedman_decor_clover_reticule
D:5:      layout_loops_corners, minmay_temple_entry_glass
D:6:      black_bear_nest_2, layout_basic, mainiacjoe_overflow_brackets,
          mainiacjoe_overflow_tiny_flanked
D:8:      layout_loops_cross, nicolae_sif_muna_little_library, uniq_psyche
Temple:   nicolae_temple_no_exploring_needed

Skill      XL: |  1  2  3  4  5  6  7  8 |
---------------+-------------------------+-----
Axes           | 2 3 4 5 6 |  6.7
Shields        | 4 5 |  5.3
Fighting       | 4 5 |  5.3
Armour         | 4 5 |  5.7
Evocations     | 1 2 |  2.7
Invocations    | 1 3 |  3.0

Action                     |  1- 3 |  4- 6 |  7- 9 || total
---------------------------+-------+-------+-------++-------
  Melee: War axe           |   107 |   146 |   166 ||   419
         Unarmed           |       |       |     8 ||     8
    Use: Scroll            |       |    11 |       ||    11
 Armour: Scale mail        |    56 |   100 |   107 ||   263
  Dodge: Dodged            |    45 |    85 |    78 ||   208
  Block: Buckler           |    73 |    41 |    42 ||   156
         Reflection        |     4 |       |       ||     4

Table legend: (Time is in decaauts)
 A = Elapsed time spent in this place.
 B = Non-inter-level travel time spent in this place.
 C = Inter-level travel time spent in this place.
 D = Time resting spent in this place.
 E = Time spent auto-exploring this place.
 F = Levels seen in this place.
 G = Mean time per level.
                   A        B        C        D        E       F      G
               +--------+--------+--------+--------+--------+-----+--------+
         Total |   5569 |   5442 |    127 |    454 |   3900 |   9 |  618.8 |
       Dungeon |   5325 |   5203 |    122 |    412 |   3800 |   7 |  760.7 |
        Temple |     13 |      8 |      5 |      0 |      0 |   1 |   13.0 |
         Sewer |    229 |    229 |      0 |     42 |    100 |   1 |  229.0 |
               +--------+--------+--------+--------+--------+-----+--------+

Top non-repeatable levels by time:
     D:5: 1261 daAuts
     D:3: 1014 daAuts
     D:6: 962 daAuts
     D:4: 929 daAuts
     D:2: 665 daAuts
     D:1: 469 daAuts
   Sewer: 229 daAuts
     D:8: 23 daAuts
  Temple: 13 daAuts
